Map: Acid Plant LE

Players

LiquidTLO (TLO) - Winner!

  • Race: Zerg Zerg
  • Spawn Location: 11:00

Snoxtar

  • Race: Zerg Zerg
  • Spawn Location: 5:00

Event: WCS Valencia 2018

VOD

Have the link to the VOD?

Description

Time

  • Played on: July 12, 2018, 6:16 a.m.
  • Length: 7:35

All games in this series

Show
View Real Time Build Order
Export as new Build Order

LiquidTLO Zerg - Winner!

Build Orders: Hatch First 

Get SALT Encoding   

  12  0:00  Drone  
  13  0:08  Drone  
  14  0:16  Overlord  
  14  0:35  Drone x2  
  16  0:45  Drone  
  17  0:52  Hatchery  
  17  0:56  Drone  
  17  1:09  Spawning Pool  
  16  1:12  Extractor  
  16  1:16  Drone  
  16  1:18  Drone  
  16  1:21  Drone  
  18  1:30  Drone  
  19  1:42  Drone  
  20  1:50  Drone  
  21  2:03  Queen x2  
  21  2:05  Overlord  
  21  2:06  Zergling x2  
  26  2:11  Metabolic Boost  
  26  2:14  Zergling x2  
  27  2:17  Zergling x2  
  28  2:23  Drone  
  28  2:26  Drone  
  30  2:34  Drone  
  30  2:36  Drone  
  32  2:48  Overlord, Drone  
  33  2:53  Hatchery  
  32  3:00  Baneling Nest, Drone  
  32  3:03  Zergling x2  
  33  3:06  Drone  
  33  3:08  Drone  
  33  3:11  Drone  
  36  3:14  Drone  
  36  3:17  Drone  
  36  3:19  Drone  
  39  3:22  Drone  
  39  3:23  Drone  
  39  3:26  Drone  
  42  3:29  Drone  
  42  3:31  Drone  
  43  3:39  Overlord  
  41  3:41  Zergling x2  
  41  3:43  Baneling  
  41  3:44  Baneling  
  41  3:47  Extractor  
  41  3:49  Evolution Chamber, Drone  
  41  3:50  Zergling x4  
  41  3:51  Zergling x2  
  41  3:53  Overlord  
  44  3:59  Zergling x2  
  44  4:00  Zergling x2  
  46  4:04  Zergling x6  
  46  4:06  Zergling x2  
  49  4:10  Queen  
  49  4:12  Zergling x2  
  49  4:15  Baneling x2  
  49  4:16  Drone  
  52  4:17  Zergling x2  
  52  4:18  Drone  
  52  4:20  Zergling x4  
  54  4:27  Drone  
  54  4:29  Baneling  
  51  4:31  Drone  
  51  4:32  Drone  
  51  4:36  Drone  
  51  4:37  Queen  
  56  4:42  Drone  
  57  4:46  Drone, Roach Warren  
  57  4:48  Drone  
  57  4:56  Zerg Missile Weapons Level 1  
  57  4:57  Overlord  
  56  5:00  Overlord  
  55  5:08  Overlord  
  55  5:11  Overlord  
  55  5:26  Roach x10  
  73  5:28  Roach  
  73  5:29  Zergling x2  
  73  5:33  Zergling x2  
  75  5:37  Zergling x2  
  75  5:38  Zergling x2  
  75  5:39  Queen  
  75  5:41  Zergling x2  
  75  5:49  Roach  
  74  5:50  Roach  
  74  5:52  Roach  
  62  5:59  Roach  
  62  6:02  Roach  
  63  6:04  Drone  
  63  6:09  Roach  
  63  6:10  Drone  
  64  6:13  Drone  
  64  6:14  Drone  
  64  6:15  Drone  
  67  6:19  Roach  
  67  6:21  Zergling x2  
  68  6:26  Zergling x4  
  68  6:29  Queen  
  68  6:32  Drone  
  74  6:40  Drone x2  
  74  6:43  Drone  
  74  6:44  Drone  
  74  6:46  Zergling x2  
  78  6:49  Drone x2  
  78  6:51  Roach  
  80  7:02  Roach x3  
  80  7:03  Roach  
  80  7:04  Roach  
  80  7:08  Drone  
  84  7:13  Overlord  
Show
View Real Time Build Order
Export as new Build Order

Snoxtar Zerg 

Build Orders: Hatch First 

Get SALT Encoding   

  12  0:00  Drone  
  13  0:13  Overlord  
  13  0:17  Drone  
  14  0:31  Drone x2  
  16  0:36  Drone  
  17  0:53  Hatchery  
  17  0:56  Drone  
  17  0:59  Drone  
  18  1:09  Extractor  
  17  1:14  Spawning Pool  
  17  1:17  Drone  
  17  1:20  Drone  
  18  1:29  Drone  
  19  1:39  Overlord  
  19  1:51  Drone  
  21  2:01  Drone, Queen  
  21  2:06  Queen  
  25  2:09  Zergling x2  
  25  2:11  Metabolic Boost  
  25  2:15  Drone  
  27  2:16  Drone  
  29  2:22  Drone  
  29  2:28  Drone  
  30  2:34  Drone  
  31  2:38  Hatchery  
  31  2:41  Zergling x2  
  31  2:46  Zergling x2  
  31  2:51  Drone  
  31  2:55  Zergling x2  
  31  2:57  Baneling Nest  
  32  2:59  Overlord  
  32  3:09  Zergling x4  
  34  3:13  Zergling x4  
  34  3:19  Overlord  
  36  3:23  Overlord  
  35  3:30  Zergling x2  
  35  3:32  Drone  
  36  3:39  Drone x2  
  36  3:40  Drone x2  
  39  3:45  Zergling x6, Roach Warren  
  41  3:49  Zergling x2  
  41  3:51  Baneling  
  41  3:52  Baneling  
  42  3:56  Overlord  
  35  4:32  Roach  
  35  4:33  Roach x7  
  35  4:36  Zergling x2  
  35  4:37  Zergling x10  
  56  4:39  Zergling x2  
  56  4:40  Queen  
  59  4:46  Zergling x2  
  59  4:50  Zergling x4  
  62  4:55  Overlord  
  59  5:00  Zergling x2  
  59  5:01  Zergling x2  
  59  5:04  Overlord  
  59  5:06  Zergling x6  
  64  5:11  Roach  
  64  5:13  Baneling x2  
  66  5:18  Roach  
  66  5:19  Zergling x2, Roach  
  70  5:28  Roach  
  71  5:30  Zergling x2  
  71  5:35  Overlord  
  71  5:37  Roach  
  71  5:40  Zergling x4  
  72  5:48  Zergling x6  
  75  5:50  Zergling x4  
  75  5:53  Zergling x2  
  75  5:54  Roach  
  71  6:03  Roach  
  66  6:04  Roach  
  66  6:06  Drone x3  
  66  6:09  Drone  
  66  6:10  Drone  
  67  6:11  Drone  
  67  6:15  Drone  
  67  6:16  Evolution Chamber  
  65  6:19  Drone  
  62  6:30  Drone  
  59  6:34  Zergling x4, Roach x3  
  59  6:36  Extractor  
  59  6:38  Zergling x2  
  59  6:39  Zergling x4  
  69  6:45  Baneling  
  70  6:47  Zergling x4  
  70  6:51  Hatchery  
  70  6:54  Zergling x2  
  70  6:56  Zergling x2  
  66  7:01  Roach  
  66  7:04  Roach  
  66  7:06  Zergling x2  
  66  7:08  Zergling x2, Roach  
  67  7:09  Zergling x4  
  67  7:15  Zergling x2  
Tags
 
Add a new tag
Caveats
  • Supply blocks, unpowered buildings, or Contaminate may cause inaccurate times.
  • Supply counts are checked every 10 seconds.